Cogmind - Beta 13 @@@ ROGUE MODE // 2024.08.05 @ 15:24:36 Player: weedlord420 Result: Self-destructed Performance ------------- Evolutions (1) 500 Regions Visited (6) 1200 Robots Destroyed (53) 265 Value Destroyed (1123) 1123 Prototype IDs (5) 100 Alien Tech Used (0) 0 Bonus (961) 961 TOTAL SCORE: 4149 Bonus ------- Follower Combat Kills 385 Met Imprinter 300 Was Imprinted 300 Friendly Fire -24 Cogmind --------- Core Integrity 187/400 Matter 289/300 Energy 164/240 System Corruption 0% Temperature Warm (133) Movement Treading (250) Ox1 Location -6/Proximity Caves Parts ------- > --- POWER (1) -------- Nuclear Core > --- PROPULSION (2) --- Armored Treads > --- UTILITY (4) ------ Improved Heat Sink Large Storage Unit Targeting Computer > --- WEAPON (2) ------- Heavy Ion Cannon Improved Assault Rifle > --- INVENTORY (15) --- Heavy Ion Engine Nuclear Core Armored Treads Coolant Injector Makeshift Hacking Suite Makeshift System Shield Hacking Drone Bay (1/1) Improved Assault Rifle Coil Gun Grenade Launcher Rocket Launcher RU-N14's Throwing Claymores (5) Makeshift Hammer Peak State ------------ > --- POWER ------------ Nuclear Core > --- PROPULSION ------- Armored Treads Advanced Treads > --- UTILITY ---------- Improved Heat Sink Large Storage Unit Targeting Computer Particle Charger > --- WEAPON ----------- Gatling Laser Heavy Ion Cannon > --- INVENTORY -------- Heavy Ion Engine Nuclear Core Armored Treads Coolant Injector Makeshift Hacking Suite Makeshift System Shield Hacking Drone Bay Improved Assault Rifle Improved Assault Rifle Coil Gun Grenade Launcher Rocket Launcher RU-N14's Throwing Claymores Makeshift Hammer [Rating: 30] Favorites ----------- Power Nuclear Core Engine Light Ion Engine Power Core Nuclear Core Propulsion Light Treads Treads Light Treads Utility Large Storage Unit Device Shield Generator Storage Large Storage Unit Processor Targeting Computer Protection Light Armor Plating Weapon Improved Assault Rifle Energy Gun Gatling Laser Energy Cannon Particle Cannon Ballistic Gun Improved Assault Rifle Ballistic Cannon Improved Light Cannon Launcher Grenade Launcher Special Weapon RU-N14's Throwing Claymores Impact Weapon Heavy Hammer Special Melee Weapon Datajack Build | -11 -10 -10 -9 -9 -7 -6 ------- Run | Yrd Mat Min Mat Min Zio Pro Slots Evolved 2 | . . . 2 . . . Power . | . . . . . . . Propulsion . | . . . . . . . Utility 2 | . . . 2 . . . Weapon . | . . . . . . . Parts Attached 67 | 6 19 . 24 3 6 9 Power 4 | 1 1 . 1 1 . . Engine 2 | 1 1 . . . . . Core 2 | . . . 1 1 . . Reactor . | . . . . . . . Propulsion 10 | 2 3 . 3 . . 2 Treads 10 | 2 3 . 3 . . 2 Leg . | . . . . . . . Wheel . | . . . . . . . Hover . | . . . . . . . Flight . | . . . . . . . Utility 12 | 1 3 . 3 . 2 3 Device 6 | . . . 2 . 2 2 Storage 3 | 1 2 . . . . . Processor 1 | . 1 . . . . . Hackware . | . . . . . . . Protection 2 | . . . 1 . . 1 Artifact . | . . . . . . . Weapon 41 | 2 12 . 17 2 4 4 Energy Gun 3 | 1 . . . 1 1 . Energy Cannon 9 | . 3 . 3 1 1 1 Ballistic Gun 13 | 1 3 . 6 . 1 2 Ballistic Cannon 2 | . 2 . . . . . Launcher 6 | . 4 . 1 . . 1 Special Weapon 1 | . . . . . 1 . Impact Weapon 2 | . . . 2 . . . Slashing Weapon . | . . . . . . . Piercing Weapon . | . . . . . . . Special Melee Weapon 5 | . . . 5 . . . Unidentified Prototypes 3 | . . . 1 . 2 . Parts Lost 8 | . 1 . . . . 7 Power 1 | . 1 . . . . . Propulsion 2 | . . . . . . 2 Utility 4 | . . . . . . 4 Weapon 1 | . . . . . . 1 Highest Loss Streak 4 | . 1 . . . . 4 To Critical Strikes . | . . . . . . . Average Slot Usage (%) 95 | . 83 100 96 100 100 90 Engine 3 | . 10 14 3 . . . Core 7 | . . . 7 11 11 11 Treads 23 | . 27 28 21 22 22 21 Device 7 | . . . 8 11 11 9 Storage 11 | . 14 14 11 11 11 11 Processor 9 | . 2 14 11 11 11 11 Protection 7 | . . . 11 11 11 3 Energy Gun 5 | . 1 . . 5 10 10 Energy Cannon 5 | . 9 28 5 5 . 1 Ballistic Gun 10 | . 7 . 13 11 10 8 Ballistic Cannon 1 | . 7 . . . . . Naked Turns . | . . . . . . . Heaviest Build 43 | 13 31 31 39 39 43 43 Greatest Support 42 | 40 40 40 40 40 40 42 Greatest Overweight (x) 2 | 1 2 . . . 1 1 Average Overweight (x) . | . . . . . . . Largest Inventory Capacity 15 | 8 15 15 15 15 15 15 Average Capacity 14 | 7 11 15 15 15 15 15 Most Carried 15 | 5 11 11 15 15 15 15 Average Carried 12 | . 6 10 14 14 14 14 Final Capacity 15 | 8 15 15 15 15 15 15 Final Carried 15 | . 10 11 15 15 15 13 Class Distribution -------------------- 98% | Mutant Dominant Class ---------------- Mutant | -10/Materials Mutant | -10/Mines Mutant | -9/Materials Mutant | -9/Mines Mutant | -7/Zion Mutant | -6/Proximity Caves Resources | -11 -10 -10 -9 -9 -7 -6 ----------- Run | Yrd Mat Min Mat Min Zio Pro Matter Collected 1347 | 194 320 117 466 52 43 155 Remotely . | . . . . . . . Salvage Created 1391 | . 303 58 764 54 . 212 Parts 94 | . 31 4 46 2 . 11 Haulers Intercepted 5 | . 2 . 3 . . . Recyclers Shooed 1 | . . 1 . . . . Parts Field Recycled . | . . . . . . . Retrieved Matter . | . . . . . . . Parts Self-Destructed 15 | . . . . . . 15 Prevented 3 | . . . . . . 3 Kills | -11 -10 -10 -9 -9 -7 -6 ------- Run | Yrd Mat Min Mat Min Zio Pro Combat Hostiles Destroyed 36 | . 13 1 15 . . 7 Guns 16 | . 3 . 8 . . 5 Cannons 10 | . 3 1 6 . . . AOE 10 | . 7 . 1 . . 2 Classes Destroyed 9 | . 7 . 2 . . . Worker 1 | . 1 . . . . . Builder 3 | . 1 1 1 . . . Hauler 5 | . 2 . 3 . . . Recycler 2 | . . . 1 1 . . Operator 3 | . 1 . 2 . . . Watcher 3 | . 2 . 1 . . . Swarmer 19 | . 9 . 6 . . 4 Grunt 15 | . 4 1 7 . . 3 Sentry 2 | . . . 2 . . . Best Kill Streak 6 | . 6 1 4 1 . 3 Combat Bots Only 5 | . 5 1 3 . . 3 Max Kills in Single Turn 3 | . 3 1 1 1 . 2 Gunslinging . | . . . . . . . Exploded 2 | . 2 . 1 . . 2 Melee . | . . . . . . . Uniques/NPCs Destroyed . | . . . . . . . Combat | -11 -10 -10 -9 -9 -7 -6 -------- Run | Yrd Mat Min Mat Min Zio Pro Hostile Shots Fired 230 | . 63 5 71 2 . 89 Missed 65 | . 17 2 19 . . 27 Damage Taken 2095 | . 389 97 472 45 . 1092 Core 266 | . 53 . 48 16 . 149 Absorbed by Shields 274 | . . . 128 16 . 130 Regen/Repaired (Parts) 224 | . 85 . 109 . 30 . Core Remaining (%) 89 | 100 . 78 . . . . Volleys Fired 128 | 1 41 7 48 4 1 26 Largest 2 | 2 2 2 2 2 2 2 Hottest 145 | 70 136 136 136 91 88 145 Shots Fired 252 | 2 82 14 93 8 2 51 Gun 139 | 2 29 . 61 4 1 42 Cannon 102 | . 47 14 29 4 1 7 Launcher 11 | . 6 . 3 . . 2 Special . | . . . . . . . Kinetic 143 | 1 57 . 61 4 1 19 Thermal 98 | 1 19 14 29 4 1 30 Explosive 11 | . 6 . 3 . . 2 Electromagnetic . | . . . . . . . Robot Hit Streak 11 | . 6 3 11 1 . 10 Robot Miss Streak 4 | 2 4 3 2 2 . 3 Penetration Max . | . . . . . . . Secondary Targets . | . . . . . . . Shots Hit Robots 167 | . 45 8 71 3 . 40 Core Hits 76 | . 24 2 26 1 . 23 Critical Kills . | . . . . . . . Critical Parts Destroyed 1 | . . . 1 . . . Critical Strikes 1 | . . . 1 . . . Smash 1 | . . . 1 . . . Melee Attacks 13 | . . . 13 . . . Impact 7 | . . . 7 . . . Slashing . | . . . . . . . Piercing . | . . . . . . . Sneak Attacks 7 | . . . 7 . . . Combat Hostiles . | . . . . . . . Follow-up Attacks . | . . . . . . . Damage Inflicted 3926 | . 1421 165 1318 52 . 970 Guns 1468 | . 150 . 620 31 . 667 Cannons 1272 | . 591 165 371 21 . 124 Explosions 1001 | . 680 . 142 . . 179 Melee 185 | . . . 185 . . . Ramming . | . . . . . . . Kinetic 1325 | . 477 . 620 31 . 197 Thermal 1694 | . 543 165 371 21 . 594 Explosive 722 | . 401 . 142 . . 179 Electromagnetic . | . . . . . . . Impact 185 | . . . 185 . . . Slashing . | . . . . . . . Piercing . | . . . . . . . Highest Corruption . | . . . . . . . Average Corruption . | . . . . . . . Corruption Purged . | . . . . . . . Corruption Blocked . | . . . . . . . Overload Shots . | . . . . . . . Overflow Damage 223 | . 137 . 81 . . 5 Projectiles 27 | . 22 . . . . 5 Explosions 115 | . 115 . . . . . Melee 81 | . . . 81 . . . Knockbacks 1 | . . . 1 . . . Impact 1 | . . . 1 . . . Kinetic . | . . . . . . . Secondary . | . . . . . . . Self-Inflicted Damage 23 | . . . 23 . . . Shots 1 | . . . 1 . . . Rammed . | . . . . . . . Targets Rammed . | . . . . . . . Kicked . | . . . . . . . Crushed . | . . . . . . . Highest Temperature 225 | 30 225 214 212 42 33 185 Average Temperature 63 | 18 52 69 75 20 20 65 Received Heat Transfer 486 | . 48 27 190 12 . 209 Siege Activations . | . . . . . . . Robots Corrupted . | . . . . . . . Combat Hostiles . | . . . . . . . Parts Fried . | . . . . . . . Impact Corruptions 4 | . . . 4 . . . Robots Melted . | . . . . . . . Combat Hostiles . | . . . . . . . Parts Melted . | . . . . . . . Heat Transferred 2853 | . 681 296 666 37 . 1173 Parts Sabotaged . | . . . . . . . Parts Stolen . | . . . . . . . Parts Stripped . | . . . . . . . Power Chain Reactions . | . . . . . . . Alert | -11 -10 -10 -9 -9 -7 -6 ------- Run | Yrd Mat Min Mat Min Zio Pro Peak Influence 336 | . 336 63 230 133 . . Initial 35 | . . . . 35 . . Average 76 | . 89 27 94 58 . . Maximum Alert Level 1 | . 1 . 1 . . . Low Security (%) 88 | 100 79 100 86 100 . . Level 1 11 | . 20 . 13 . . . Level 2 . | . . . . . . . Level 3 . | . . . . . . . Level 4 . | . . . . . . . Level 5 . | . . . . . . . High Security . | . . . . . . . Max Security . | . . . . . . . Squads Dispatched 7 | . 2 . 4 . . 1 Investigation 4 | . 2 . 2 . . . Extermination . | . . . . . . . Reinforcement 2 | . . . 2 . . . Assault 1 | . . . . . . 1 Garrison . | . . . . . . . Intercept . | . . . . . . . Searches Triggered . | . . . . . . . Construction Impeded . | . . . . . . . Haulers Reinforced . | . . . . . . . Active Scanning Responses . | . . . . . . . Cargo Convoy Interrupts . | . . . . . . . Stealth | -11 -10 -10 -9 -9 -7 -6 --------- Run | Yrd Mat Min Mat Min Zio Pro Distress Signals 4 | . . . 4 . . . Communications Jammed . | . . . . . . . Distress Signals . | . . . . . . . Times Spotted 69 | . 21 4 20 3 . 21 Peak Tracking Total 7 | . 5 2 3 3 . 7 Tactical Retreats 2 | . 1 . . 1 . . Traps | -11 -10 -10 -9 -9 -7 -6 ------- Run | Yrd Mat Min Mat Min Zio Pro Traps Triggered 4 | . 2 . 1 1 . . Indirectly . | . . . . . . . Trap Hack Attempts . | . . . . . . . Triggered . | . . . . . . . Disarmed . | . . . . . . . Reprogrammed 1 | . . . 1 . . . Reused 1 | . . . 1 . . . Traps Extracted . | . . . . . . . Installed . | . . . . . . . Triggered 1 | . . . 1 . . . Machines | -11 -10 -10 -9 -9 -7 -6 ---------- Run | Yrd Mat Min Mat Min Zio Pro Machines Disabled 4 | . 3 . 1 . . . Max in Single Turn 1 | . 1 . 1 . . . Machines Repaired . | . . . . . . . Machines Dismantled . | . . . . . . . Machines Sabotaged . | . . . . . . . Overloaded Fab Kills . | . . . . . . . Hacking | -11 -10 -10 -9 -9 -7 -6 --------- Run | Yrd Mat Min Mat Min Zio Pro Machines Accessed 21 | . 11 . 8 1 1 . Terminals 13 | . 8 . 5 . . . Fabricators . | . . . . . . . Repair Stations 2 | . 1 . 1 . . . Recycling Units 4 | . 2 . 2 . . . Scanalyzers . | . . . . . . . Garrison Access . | . . . . . . . Total Hacks 52 | . 30 . 17 1 4 . Successful 25 | . 11 . 9 1 4 . Failed 27 | . 19 . 8 . . . Catastrophic 7 | . 6 . 1 . . . Database Lockouts . | . . . . . . . Manual 20 | . 14 . 6 . . . Terminals 36 | . 24 . 12 . . . Fabricators . | . . . . . . . Repair Stations 6 | . 4 . 2 . . . Recycling Units 5 | . 2 . 3 . . . Scanalyzers . | . . . . . . . Garrison Access . | . . . . . . . Terminal Hacks 14 | . 5 . 4 1 4 . Part Schematic 4 | . . . . . 4 . Robot Analysis 1 | . . . 1 . . . Prototype ID Bank 1 | . 1 . . . . . Open Door 1 | . . . . 1 . . Branch Access Points 1 | . 1 . . . . . Terminal Index 2 | . 1 . 1 . . . Unreport Threat 1 | . 1 . . . . . Locate Traps 2 | . 1 . 1 . . . Reprogram Traps 1 | . . . 1 . . . Fabricator Hacks . | . . . . . . . Repair Station Hacks 5 | . 3 . 2 . . . Scan Component 3 | . 2 . 1 . . . Repair 2 | . 1 . 1 . . . Recycling Unit Hacks . | . . . . . . . Scanalyzer . | . . . . . . . Garrison Access Hacks . | . . . . . . . Unauthorized Hacks 6 | . 3 . 3 . . . Terminals 2 | . 1 . 1 . . . Operators 2 | . 1 . 1 . . . Fabricators . | . . . . . . . Repair Stations . | . . . . . . . Recycling Units 4 | . 2 . 2 . . . Reject 4 | . 2 . 2 . . . Scanalyzers . | . . . . . . . Garrison Access . | . . . . . . . Data Cores Recovered . | . . . . . . . Used . | . . . . . . . Hacking Detections 13 | . 9 . 4 . . . Full Trace Events 3 | . 2 . 1 . . . Feedback Events . | . . . . . . . Feedback Blocked . | . . . . . . . Robot Schematics Acquired 3 | . . . . . 3 . Robots Built . | . . . . . . . Authchips . | . . . . . . . Time . | . . . . . . . Total Robot Build Rating . | . . . . . . . Part Schematics Acquired 18 | . . . . . 18 . Parts Built . | . . . . . . . Authchips . | . . . . . . . Time . | . . . . . . . Total Part Build Rating . | . . . . . . . Parts Repaired 2 | . 1 . 1 . . . Time 52 | . 26 . 26 . . . Parts Recycled . | . . . . . . . Recycled Matter . | . . . . . . . Retrieved Matter . | . . . . . . . Retrieved Components . | . . . . . . . Parts Scanalyzed . | . . . . . . . Part Schematics Acquired . | . . . . . . . Parts Damaged . | . . . . . . . Bothacking | -11 -10 -10 -9 -9 -7 -6 ------------ Run | Yrd Mat Min Mat Min Zio Pro Used RIF Installer . | . . . . . . . Robots Hacked 5 | . . . 5 . . . Non-combat 4 | . . . 4 . . . Combat 1 | . . . 1 . . . Robot Hacks Applied 5 | . . . 5 . . . parse_system 1 | . . . 1 . . . no_distress 3 | . . . 3 . . . find_station 1 | . . . 1 . . . Relay Couplers Released . | . . . . . . . Fabnet Peak Effective % . | . . . . . . . Robots Rewired . | . . . . . . . Allies Hacked . | . . . . . . . Hacks Repelled . | . . . . . . . Allies | -11 -10 -10 -9 -9 -7 -6 -------- Run | Yrd Mat Min Mat Min Zio Pro Total Allies 9 | . . 3 . 2 4 . Largest Group 4 | . . 3 . 2 4 4 Highest-Rated Group 148 | . . 40 . 41 148 148 Highest-Rated Ally 40 | . . 16 . 31 40 40 Total Orders . | . . . . . . . Ally Attacks 43 | . . 9 . 6 . 28 Total Damage 1330 | . . 103 . 128 . 1099 Kills 13 | . . 1 . 3 . 9 Allies Corrupted . | . . . . . . . Allies Melted . | . . . . . . . Intel | -11 -10 -10 -9 -9 -7 -6 ------- Run | Yrd Mat Min Mat Min Zio Pro Robot Analysis Total 1 | . . . 1 . . . Derelict Logs Recovered 3 | . . . . 1 2 . Drone Launches . | . . . . . . . Drone Recoveries . | . . . . . . . Exploration | -11 -10 -10 -9 -9 -7 -6 ------------- Run | Yrd Mat Min Mat Min Zio Pro Turns Passed 7147 | 71 1219 469 1513 855 2154 866 Spaces Moved 3972 | 46 622 274 778 512 1295 445 Core 19 | 16 3 . . . . . Treads 3953 | 30 619 274 778 512 1295 445 Legs . | . . . . . . . Wheels . | . . . . . . . Hover . | . . . . . . . Flight . | . . . . . . . Fastest Speed 50 | 50 150 160 160 160 160 160 Average Speed 161 | 126 159 160 160 160 161 170 Slowest Speed 245 | 160 160 160 160 160 240 245 Overloaded Moves . | . . . . . . . Propulsion Burnouts . | . . . . . . . Robots Hopped . | . . . . . . . Cave-ins Triggered . | . . . . . . . Exploration Rate (%) 68 | 4 90 72 75 91 90 57 Regions Visited 6 Branch Regions 4 Pre-discovered Areas 2 | . . . . . 2 . Known Exits Taken 1 | . 1 . . . . . Unknown Exits Taken 5 | 1 . 1 1 1 1 . Scrap Searched 8 | . . 1 . 1 4 2 Spaces Dug 3 | . . . 3 . . . Terrain Destroyed 80 | . 46 . 19 . . 15 Melee 3 | . . . 3 . . . Projectile 6 | . 3 . . . . 3 AOE 71 | . 43 . 16 . . 12 Terrain Rammed . | . . . . . . . Walls Destroyed . | . . . . . . . Machines Disabled . | . . . . . . . Actions | -11 -10 -10 -9 -9 -7 -6 --------- Run | Yrd Mat Min Mat Min Zio Pro Total 4443 | 57 766 291 937 540 1359 493 Wait 185 | . 62 10 45 16 45 7 Move 3966 | 45 621 273 777 511 1294 445 Hop . | . . . . . . . Pick Up 52 | 5 19 1 15 3 5 4 Fast Attach 7 | 1 1 . 2 . 2 1 Attach 19 | 5 7 . 3 . . 4 Detach 2 | . . . 1 . 1 . Swap 41 | . 11 . 19 3 4 4 Drop 30 | . 4 . 14 3 7 2 Fire 128 | 1 41 7 48 4 1 26 Melee 13 | . . . 13 . . . Ram . | . . . . . . . Kick . | . . . . . . . Crush . | . . . . . . . Escape Stasis . | . . . . . . . Rewire . | . . . . . . . Trap . | . . . . . . . Miscellaneous . | . . . . . . . Route ------- -11/Scrapyard -10/Materials (discovered 4 exits: *Mat x3 / *Min) -10/Mines (discovered 2 exits: *Mat x2) -9/Materials (discovered 4 exits: [*Mat x3] / *Min) -9/Mines (discovered 3 exits: [*Mat] / [*Exi] / *Zio) -7/Zion (discovered 2 exits: Dee / [*Pro]) -6/Proximity Caves History --------- Turn | Location | Event 4 | -11/Scrapyard | Discovered new exit (range 16) 72 | -11/Scrapyard | Entered Materials 306 | -10/Materials | Build established: Mutant 344 | -10/Materials | Identified exit to Mines 349 | -10/Materials | Discovered new exit (range 5) 572 | -10/Materials | Repaired Lgt. Treads 795 | -10/Materials | Discovered new exit (range 16) 1081 | -10/Materials | Discovered new exit (range 12) 1291 | -10/Materials | Entered Mines 1293 | -10/Mines | Assisted by bots powering up and referring to "LRC-V3" 1726 | -10/Mines | Discovered new exit (range 10) 1743 | -10/Mines | Discovered new exit (range 7) 1750 | -10/Mines | Received a Rocket Launcher from a helpful Derelict 1755 | -10/Mines | Assembled infested the area 1760 | -10/Mines | Entered Materials 1760 | -9/Materials | Evolved 2 slots: Utility x2 1790 | -9/Materials | Lost 3 allies 2025 | -9/Materials | Repaired Lgt. Treads 2074 | -9/Materials | Met 8R-AWN 2100 | -9/Materials | Discovered new exit (range 9) 2577 | -9/Materials | Discovered new exit (range 10) 2728 | -9/Materials | Discovered new exit (range 16) 2940 | -9/Materials | Discovered new exit (range 8) 3273 | -9/Materials | Entered Mines 3275 | -9/Mines | Followed 8R-AWN into the Mines 3482 | -9/Mines | Discovered new exit (range 7) 3565 | -9/Mines | A Derelict revealed a hidden shortcut to a safe place 3680 | -9/Mines | Met a Derelict who couldn't figure out how to use a Trap Extractor 3804 | -9/Mines | Discovered new exit (range 5) 4128 | -9/Mines | Entered Zion 4128 | -7/Zion | Accompanied by 2 allies 4178 | -7/Zion | Led the pair of lost Derelicts to a safe place 4229 | -7/Zion | Found Prototype Special Weapon 4229 | -7/Zion | Identified RU-N14's Throwing Claymores 4237 | -7/Zion | Found RU-N14's Throwing Claymores 4265 | -7/Zion | Discovered new exit (range 12) 4750 | -7/Zion | Identified exit to Deep Caves 5251 | -7/Zion | Given the Hacking Drone Bay 5255 | -7/Zion | Found Prototype Device 5278 | -7/Zion | Learned location of Warlord (-5) 5933 | -7/Zion | Imprinted 5935 | -7/Zion | Declared Zion's savior 6239 | -7/Zion | Identified Hacking Drone Bay 6282 | -7/Zion | Entered Proximity Caves 6282 | -6/Proximity Caves | Accompanied by 4 allies 7119 | -6/Proximity Caves | Attracted the attention of an 0b10 outpost 7141 | -6/Proximity Caves | Core integrity fell below 50% 7148 | -6/Proximity Caves | Self-destructed Last Messages --------------- 07009_ Acquired 10 matter. 07014_ Acquired Corrupted Arm. Treads. 07073_ Searching scrap... 07073_ Found Adv. Treads. 07073_ Found 32 Matter. 07078_ Dropped Lgt. Treads. 07081_ Acquired Adv. Treads. 07119_ Y-64 Sentinel: "DETECTED UNIDENTIFIED DERELICT." 07122_ S-27 Virus destroyed. 07123_ Y-64 Sentinel: "REQUESTING BACKUP." 07124_ Lgt. Treads destroyed. 07126_ Destroyed Lgt. Nuclear Core. 07129_ S-27 Virus destroyed. 07131_ Penetrated by Slug. 07138_ Autogun fries itself beyond repair. 07138_ Gatling Laser destroyed. 07138_ Adv. Treads destroyed. 07146_ Particle Charger destroyed. 07147_ VTOL Module fries itself beyond repair. Map ----- +----------------------------------------------------+ | ?????????????????????????????????????????????????? | | ?????????????????????????????????????????????????? | | ?????????????????????????????????????????????????? | | ?????????????????????????????????????????????????? | | ?????????????????????????????????????????????????? | | ?????????????????????????????????????????????????? | | ?????????????????????????????????????????????????? | | ?????????????????????????????????????????????????? | | ?????????????????????????????????????????????????? | | ?????????????????????????????????????????????????? | | ???????????????????????????????????????????????### | | ????????????????????????????????????####??????# # | | ???????????????????????????????????## ####??# | | ???????????????????????????????????# ### | | ???????????????????????????????????# | | ????????????????????????############ #??? | | ????????????????????????# #???? | | ???????????????????????# #????? | | ????????????????????# ####### ##??? | | ???????????????????# ??????## ##?# | | ?????????????????? ? ??????# ## | | ??????????????????? ????# #??????## ## | | ?????????????????????#??# ###?????#= ## | | ?????????????????????# ?# ; #####?#% # | | ?????????????????#####g##l;### ### # | | ?????????????????#; %b@ ## | | ?????????????????## ##### # # ## | | ??????????????????# ????# ## # ## ## ### | | ???????????????? # ?????# ## ## ##!%#??? | | ???????????????# #?##?????# ### # # ##%[#???? | | ???????????????# ??????????# #?##### ##! ##??? | | ??????????????# ???????????# #?????########!% ##? | | ???????????????????????????# #??????????## # | | ???????????????????????????# #?????????## % | | ???????????????????????????? ??????????# | | ????????????????????????????#??????????# # | | ???????????????????????????????????????## ## ## | | ?????????????????????????????????????### ######? | | ????????????????????????????????????## #####?? | | ????????????????????????????????????# # # #?? | | ????????????????????????????????????## # # #??? | | ?????????????????????????????????????## #??? | | ??????????????????????????????????????# # ##? | | ??????????????????????????????????????## # #? | | ??????????????????????????????????????# # #? | | ??????????????????????????????????????# # ## #? | | ??????????????????????????????????????# ####?###? | | ????????#####?????????????????????????# #???????? | | #????#### ###???????????????????????# #???????? | | ????## ##??????????????????????# #???????? | +----------------------------------------------------+ Best States ------------- Heat Dissipation 42 Energy Generation 14 Energy Capacity 250 Matter Stores 300 Matter Capacity 300 Sight Range 16 Terrain Scan Density 10 Armor Coverage 150 Evasion (%) 40 Targeting Accuracy 5 Recoil Reduction 2 Particle Charging 15 Item Schematics ----------------- Focal Shield | -7/Zion | Archive Plasma Cannon | -7/Zion | Archive Med. Treads | -7/Zion | Archive Enh. Optical Array | -7/Zion | Archive Imp. Thermal Shield | -7/Zion | Archive Core Analyzer | -7/Zion | Archive Imp. Reaction Control System | -7/Zion | Archive Mak. Axe | -7/Zion | Archive Force Field | -7/Zion | Archive Mak. Spear | -7/Zion | Archive Fusion Compressor | -7/Zion | Archive Matter Filter | -7/Zion | Archive Fission Core | -7/Zion | Archive Adv. Shield Generator | -7/Zion | Archive Beamcaster | -7/Zion | Free Riot Gun | -7/Zion | Free Flamer | -7/Zion | Free Ripper | -7/Zion | Free Robot Schematics ------------------ G-47 Trooper | -7/Zion | Archive A-02 Transporter | -7/Zion | Archive X-77 Beamer | -7/Zion | Archive Fabricated ------------ Nothing Alien Tech Used ----------------- None Achievements -------------- None Challenges ------------ None Game ------ Seed CannonTransmissionBoomstick Manual? 0 Play Time 00:39:09 Cumulative 63.0 hours Start 2024.08.05 @ 14:35:57 End 2024.08.05 @ 15:24:36 Sessions 1 Manual Loads 0 Difficulty Rogue Special Mode None Game No. 109 Rogue 108 Adventurer 1 Explorer 0 Win Type - Total 0 Types 0/0/0/0/0/0/0/0/0 Lore% 38 Gallery% 47 Achievement% 39 Wizard Run 0 Options --------- Layout 1 ASCII 0 Keyboard 0 Movement Mouse Keybinds 0 Fullscreen 1 Font 48/Smallcaps Map View 50x35 Zoom Use 0% Tactical HUD 1 Map Filters NONE Filters NONE Steam 1 RUN: 2244449d-0824-4cd4-a340-32ad6b2b7196